 Dungeon Crawl Stone Soup version 0.23.2-40-g277498a001 (webtiles) character file.

Game seed: 11328624489616229472

573 Hylith the Chopper (level 7, 0/62 HPs)
             Began as a Ghoul Fighter on Sept 25, 2019.
             Slain by a quokka (4 damage)
             ... on level 4 of the Dungeon.
             The game lasted 00:05:34 (2966 turns).

Hylith the Chopper (Ghoul Fighter)                  Turns: 2966, Time: 00:05:35

Health: 0/62       AC: 10    Str: 22    XL:     7   Next: 34%
Magic:  6/6        EV:  7    Int:  3    God:
Gold:   178        SH:  9    Dex:  8    Spells: 6/6 levels left

rFire    . . .     SeeInvis .   a - +0 war axe
rCold    + . .     Gourm    .   c - +0 shield
rNeg     + + +     Faith    .   b - +0 scale mail
rPois    ∞         Spirit   .   (no helmet)
rElec    .         Reflect  .   (no cloak)
rCorr    .         Harm     .   (no gloves)
MR       .....                  m - +0 pair of boots
Stlth    +.........             (no amulet)
HPRegen  0.00/turn              j - +3 ring of protection
MPRegen  0.10/turn              x - ring of stealth

@: rotting
A: rotting body, claws 1, carnivore, cold resistance 1, negative energy
resistance 3, inhibited regeneration, torment resistance, unbreathing
a: no special abilities


You were on level 4 of the Dungeon.
You were not hungry.

You visited 1 branch of the dungeon, and saw 4 of its levels.

You collected 178 gold pieces.

Inventory:

Hand Weapons
 a - a +0 war axe (weapon)
Missiles
 o - 12 tomahawks (quivered)
Armour
 b - a +0 scale mail (worn)
 c - a +0 shield (worn)
 m - a +0 pair of boots (worn)
Jewellery
 j - a +3 ring of protection (left claw)
 x - a ring of stealth (right claw)
Wands
 w - a wand of polymorph (6)
Scrolls
 e - 2 scrolls of immolation
 g - a scroll of amnesia {unknown}
 h - 3 scrolls of remove curse
 k - a scroll of blinking {unknown}
 l - 4 scrolls of identify {unknown}
 n - 4 scrolls of teleportation {unknown}
 p - a scroll of fog {unknown}
 r - a scroll of enchant weapon {unknown}
 y - 2 scrolls of magic mapping {unknown}
Potions
 d - 2 potions of might
 i - 2 potions of heal wounds {unknown}
 q - a potion of magic {unknown}
 t - a potion of mutation {unknown}
 u - a potion of agility {unknown}
 v - a potion of curing
Comestibles
 f - 7 rations
 s - 4 chunks of flesh


   Skills:
 + Level 5.6 Fighting
 * Level 5.7 Axes
 - Level 3.0 Armour
 - Level 3.0 Shields


You had 6 spell levels left.
You didn't know any spells.
Your spell library contained the following spells:

 Spells                   Type           Power        Failure   Level  Hunger
 Corona                   Hex            #......      100%        1    ##.....
 Ensorcelled Hibernation  Hex/Ice        #.....       100%        2    ###....
 Confuse                  Hex            #.......     100%        3    ####...
 Dazzling Spray           Conj/Hex       #.....       100%        3    ####...
 Tukima's Dance           Hex            #.......     100%        3    ####...


Dungeon Overview and Level Annotations

Branches:
Dungeon (4/15)
 Temple: D:4-7

Altars:
Ashenzari
Fedhas
Okawaru
Qazlal
Ru


Innate Abilities, Weirdness & Mutations

Your body is rotting away.
You thrive on raw meat.
You are immune to poison.
You have sharp fingernails.
You are carnivorous and can eat meat at any time.
Your flesh is cold resistant. (rC+)
You are immune to negative energy. (rN+++)
You do not regenerate when monsters are visible.
You are immune to unholy pain and torment.
You can survive without breathing.


Message History

You block the quokka's attack.
The steam dragon bites you but does no damage.
The steam dragon barely misses you. The quokka barely misses you.
You slash the steam dragon!
The steam dragon is severely wounded.
Your shield prevents you from hitting the quokka.
The steam dragon bites you but does no damage.
The steam dragon claws you but does no damage.
The quokka is engulfed in a cloud of scalding steam.
You block the quokka's attack.
The steam dragon bites you but does no damage.
The steam dragon claws you but does no damage.
You slash the steam dragon!
The steam dragon is almost dead.
You barely miss the quokka. You block the quokka's attack.
The steam dragon breathes steam at you. The ball of steam hits you.
* * * LOW HITPOINT WARNING * * *
The quokka bites you.
You die...

.# .....# #....## ..
##(.......)....# ..
..............# ##...
..............# .....
#.............## ...##
#..P.P.#.#.....#
....##.#..[_..#.§.....##
..........P.P..r@......#
.##..#..........D.#....#
.#...##....)......).....
............)..(.#>.##..
...............####.#
................# ##
##.............##
#.......#.>...##
......###.....#


You could see a steam dragon and a quokka.

Vanquished Creatures
  An ice beast (D:3)
  An ogre (D:4)
  3 wights (D:3)
  A jelly (D:3)
  A hound (D:4)
  2 worker ants (D:4)
  A hound skeleton (D:4)
  A gnoll (D:1)
  6 adders
  2 dart slugs
  5 leopard geckos
  6 orcs (D:3)
  A ball python (D:3)
  2 giant cockroaches
  7 goblins
  6 hobgoblins
  7 jackals (D:1)
  3 quokkas
  9 bats
  3 frilled lizards (D:2)
  4 kobolds
  10 rats
82 creatures vanquished.

Notes
Turn   | Place    | Note
-------+----------+-------------------------------------------
     0 | D:1      | Hylith the Ghoul Fighter began the quest for the Orb.
     0 | D:1      | Reached XP level 1. HP: 19/19 MP: 0/0
    41 | D:1      | Reached XP level 2. HP: 18/26 MP: 1/1
   267 | D:1      | Reached XP level 3. HP: 17/31 MP: 2/2
   899 | D:2      | Found a sacrificial altar of Ru.
   960 | D:2      | Reached XP level 4. HP: 34/40 MP: 3/3
  1570 | D:3      | Found an iron altar of Okawaru.
  1579 | D:3      | Reached XP level 5. HP: 27/46 MP: 4/4
  1602 | D:2      | HP: 2/46 [wight/+0 dire flail (3)]
  1995 | D:3      | Noticed an ice beast
  2007 | D:3      | Killed an ice beast
  2007 | D:3      | Reached XP level 6. HP: 34/52 MP: 5/5
  2209 | D:3      | Reached skill level 5 in Fighting
  2486 | D:3      | Reached skill level 5 in Axes
  2589 | D:3      | Found a shattered altar of Ashenzari.
  2781 | D:4      | Reached XP level 7. HP: 17/61 MP: 6/6
  2861 | D:4      | Found a stormy altar of Qazlal.
  2938 | D:4      | Found a blossoming altar of Fedhas.
  2956 | D:4      | Noticed a steam dragon
  2956 | D:4      | an ogre changed into a steam dragon
  2966 | D:4      | Slain by a quokka

Skill      XL: |  1  2  3  4  5  6 |
---------------+-------------------+-----
Axes           | 2 3 4 5 |  5.7
Armour         | 3 |  3.0
Shields        | 3 |  3.0
Fighting       | 4 5 |  5.6

Action                   |  1- 3 |  4- 6 |  7- 9 || total
-------------------------+-------+-------+-------++-------
Melee: War axe           |    70 |   195 |    16 ||   281
Evoke: Wand              |       |       |     1 ||     1
  Use: Scroll            |       |     3 |       ||     3
       Potion            |       |     1 |       ||     1
  Eat: Chunk             |     3 |     3 |     1 ||     7
Armor: Scale mail        |    42 |    99 |     9 ||   150
Dodge: Dodged            |    24 |    61 |    12 ||    97
Block: Shield            |    55 |   103 |    14 ||   172
